 Dungeon Crawl Stone Soup version 0.29.1-12-g30fa7ad0bf (webtiles) character file.

Game seed: 4926893235982085257

22470 KittyFluff the Basher (level 13, -3/118 HPs)
             Began as a Gargoyle Berserker on Jan 3, 2023.
             Was a High Priest of Trog.
             Slain by an azure jelly (14 damage)
             ... in an ice cave.
             The game lasted 01:12:33 (17902 turns).

KittyFluff the Basher (Gargoyle Berserker)         Turns: 17902, Time: 01:12:36

Health: -3/118     AC: 23    Str: 20    XL:     13   Next: 0%
Magic:  13/13      EV: 13    Int: 10    God:    Trog [*****.]
Gold:   676        SH: 11    Dex: 13    Spells: 12/12 levels left

rFire   . . .      SeeInvis .   P - +0 morningstar
rCold   + . .      Faith    .   s - +0 kite shield {rC+}
rNeg    + . .      Spirit   .   N - +0 steam dragon scales
rPois   ∞          Reflect  .   q - +2 helmet
rElec   +          Harm     .   (no cloak)
rCorr   .          Rampage  .   (no gloves)
Will    .....                   F - +2 pair of boots
Stlth   ..........              (no amulet)
HPRegen 0.29/turn               j - +4 ring of slaying
MPRegen 0.13/turn               (no ring)

@: berserking, very quick
A: sickness immunity, AC +9, negative energy resistance 1, electricity
resistance, torment resistance 1, petrification resistance
a: Renounce Religion, Berserk, Trog's Hand, Brothers in Arms


You were in an ice cave.
You worshipped Trog.
Trog was extremely pleased with you.
You visited 2 branches of the dungeon, and saw 12 of its levels.
You also visited: Ossuary and Ice Cave.

You collected 751 gold pieces.
You spent 75 gold pieces at shops.

Inventory:

Hand Weapons
 a - a +1 mace
 k - a +3 vorpal great mace
 u - the +10 long sword of Wyim Gih {vorpal, MP-9 Str+4 Dex+4}
   (You found it on level 3 of the Dungeon)

   It inflicts extra damage upon your enemies.
   Str:       It affects your strength (+4).
   Dex:       It affects your dexterity (+4).
   MP:        It affects your magic capacity (-9).
 y - a +0 sling
 E - a +0 shortbow
 M - a +0 arbalest
 P - a +0 morningstar (weapon)
Missiles
 g - 51 stones (quivered)
 l - 23 boomerangs
 r - 14 poisoned darts
 C - 2 throwing nets
 J - a silver boomerang
Armour
 q - a +2 helmet (worn)
 s - a +0 kite shield of cold resistance (worn)
 B - a +0 hat
 D - a +0 kite shield
 F - a +2 pair of boots (worn)
 G - a +3 scale mail
 K - a +0 buckler
 L - the +2 robe of the Ageless Demons {rF++ Int+2 Archmagi}
   (You took it off a gnoll sergeant on level 8 of the Dungeon)

   Int:       It affects your intelligence (+2).
   rF:        It greatly protects you from fire.
   Archmagi:  It increases the power of your magical spells.
 N - +0 steam dragon scales (worn)
 Q - the +1 ring mail of the Wary Riding Loafs {*Corrode Str+2 Int+8}
   (You found it on level 11 of the Dungeon)

   Str:       It affects your strength (+2).
   Int:       It affects your intelligence (+8).
   *Corrode:  It may corrode you when you take damage.
Jewellery
 j - a +4 ring of slaying (left hand)
Wands
 c - a wand of flame (20)
 f - a wand of roots (16)
 x - a wand of quicksilver (17)
 H - a wand of polymorph (7)
Scrolls
 i - 2 scrolls of enchant weapon
 m - 9 scrolls of vulnerability
 n - a scroll of enchant armour
 o - 6 scrolls of fog
 z - a scroll of poison
 A - a scroll of blinking {unknown}
Potions
 b - a potion of haste
 d - a potion of attraction
 e - 2 potions of magic
 h - 2 potions of invisibility
 p - 8 potions of curing
 t - 2 potions of cancellation
 v - 2 potions of might {unknown}
 w - 7 potions of heal wounds
 O - a potion of brilliance {unknown}


   Skills:
 + Level 8.6 Fighting
 * Level 13.3 Maces & Flails
 + Level 2.6 Ranged Weapons
 + Level 1.0 Throwing
 * Level 10.2 Armour
 + Level 5.9 Dodging
 + Level 4.5 Stealth
 * Level 10.3 Shields


You had 12 spell levels left.
You didn't know any spells.
Your spell library was empty.

Dungeon Overview and Level Annotations

Branches:
Dungeon (11/15)            Temple (0/1) D:6            Lair (1/5) D:9
    Orc (0/2) D:11        Ossuary (visited)           IceCv (1/1)

Altars:
Hepliaklqana
Ru

Shops:
D:1 *   D:4 ?   D:6 [


Innate Abilities, Weirdness & Mutations

You are immune to sickness and miasma.
Your stone body is resilient. (AC +9)
You are immune to poison.
You resist negative energy. (rN+)
You are resistant to electric shocks. (rElec)
You are resistant to unholy torment.
You are immune to petrification.


Message History

You puncture the azure jelly!
The azure jelly is moderately wounded.
The azure jelly hits you but does no damage.
The azure jelly completely misses you. You block the azure jelly's attack. x2
The azure jelly hits you but does no damage.
You block the azure jelly's attack.
The azure jelly hits you but does no damage.
The azure jelly completely misses you.
You barely miss the azure jelly.
The azure jelly is moderately wounded.
You block the azure jelly's attack. x2; The azure jelly closely misses you.
The azure jelly hits you but does no damage.
You puncture the azure jelly!
The azure jelly is heavily wounded.
The azure jelly hits you but does no damage.
The azure jelly closely misses you. The azure jelly hits you.
The azure jelly hits you but does no damage.
You puncture the azure jelly!
The azure jelly is heavily wounded.
The azure jelly hits you but does no damage. x2
You block the azure jelly's attack. The azure jelly closely misses you.
You barely miss the azure jelly.
The azure jelly is heavily wounded.
The azure jelly hits you. The azure jelly freezes you! You resist.
The azure jelly hits you! The azure jelly freezes you! You resist.
The azure jelly barely misses you.
The azure jelly hits you but does no damage.
You hit the azure jelly but do no damage.
The azure jelly is heavily wounded.
The azure jelly hits you. The azure jelly freezes you! You resist.
* * * LOW HITPOINT WARNING * * *
The azure jelly barely misses you.
The azure jelly hits you but does no damage. x2
A red film seems to cover your vision as you go berserk!
You feel yourself moving faster!
You feel mighty!
The azure jelly hits you but does no damage.
The azure jelly hits you.
* * * LOW HITPOINT WARNING * * *
The azure jelly freezes you! You resist.
You die...

..#...##....##.......#
..#..##......#.......#
.##.##...#...##.....#
.#..##..##...##....#
##..##..###..# #...#
#...#..## #..###..####
#..##..# ##..##J.##.#
#..##..## #..##J##..##
##..#...# #..##@.....#
.#..##..####..##......#
.##..#....##..##......#
.##..##...##..##......#
..#.).#...##...#...#..#
..##..##..##...##.##..#
#..##.##..##....####..#
#...####..##....# #...#
##...##...###...###...#


You could see an azure jelly and a slime creature.

Vanquished Creatures
  2 quicksilver oozes (IceCv)
  A hydra (Lair:1)
  2 boulder beetles
  A two-headed ogre (D:8)
  The ghost of vaultlich the Spear-Bearer, a novice MfGl (D:6)
  Pikel (D:6)
  4 elephants
  A gargoyle (D:11)
  An ice statue (IceCv)
  Maggie (D:8)
  A kobold demonologist (D:10)
  A cane toad (D:9)
  A rime drake (Lair:1)
  2 ice devils (Lair:1)
  20 slime creatures
  A hornet (D:10)
  A shadow (D:10)
  2 wyverns
  16 yaks
  A basilisk (Lair:1)
  Eustachio (D:6)
  A steam dragon (D:6)
  Menkaure (D:5)
  2 acid dragons (D:10)
  5 water moccasins
  A black bear (D:6)
  7 orc warriors
  2 ice beasts
  A sky beast (D:7)
  5 great orb of eyes simulacra (IceCv)
  6 centaurs
  2 slime creature simulacra (IceCv)
  3 phantoms
  A kobold brigand (D:6)
  3 elf zombies (Ossuary)
  4 lemures (D:6)
  5 bullfrogs
  3 gnoll sergeants
  4 glowing shapeshifter simulacra (IceCv)
  2 scorpions
  5 wights (D:9)
  14 killer bees
  2 howler monkeys
  2 centaur zombies (Ossuary)
  3 human zombies (Ossuary)
  A gnoll bouda (D:6)
  3 hounds
  12 jellies
  5 iguanas
  3 orc priests (D:6)
  11 orc wizards
  6 shapeshifter simulacra (IceCv)
  2 mummies (Ossuary)
  12 gnolls
  5 adders
  2 white imps
  A worm (D:4)
  2 dart slugs (D:1)
  40 orcs
  6 ball pythons
  4 bats
  20 endoplasms
  4 giant cockroaches
  6 goblins
  4 hobgoblins
  2 jackals (D:1)
  9 kobolds
  7 quokkas
  4 frilled lizards
  10 hobgoblin zombies (Ossuary)
  7 kobold zombies (Ossuary)
  11 orc zombies (Ossuary)
  11 rats
  A rat zombie (Ossuary)
357 creatures vanquished.

Vanquished Creatures (others)
  8 fungi
  15 plants
23 creatures vanquished.

Grand Total: 380 creatures vanquished

Notes
Turn   | Place    | Note
-------+----------+-------------------------------------------
     0 | D:1      | KittyFluff the Gargoyle Berserker began the quest for the
                  | Orb.
     0 | D:1      | Reached XP level 1. HP: 14/14 MP: 1/1
   210 | D:1      | Reached XP level 2. HP: 18/19 MP: 2/2
   494 | D:1      | Found a faded altar of an unknown god.
   795 | D:1      | Reached XP level 3. HP: 23/23 MP: 3/3
   946 | D:1      | Found Fuegual's General Store.
  1079 | D:1      | Bought 6 boomerangs for 33 gold pieces
  1100 | D:2      | Reached ** piety under Trog
  1472 | D:2      | Reached XP level 4. HP: 29/29 MP: 4/4
  2086 | D:3      | Reached skill level 4 in Maces & Flails
  2254 | D:3      | Identified the +10 long sword of Wyim Gih {vorpal, MP-9
                  | Str+4 Dex+4}
  2946 | D:4      | Reached XP level 5. HP: 33/33 MP: 5/5
  3007 | D:4      | Reached skill level 1 in Stealth
  3126 | D:4      | Noticed a phantom
  3140 | D:4      | Killed a phantom
  3141 | D:4      | Reached XP level 6. HP: 30/38 MP: 6/6
  3236 | D:4      | Found Pytucw's Magic Scroll Shop.
  3264 | D:4      | Bought a scroll of identify for 28 gold pieces
  3264 | D:4      | Bought a scroll of noise for 14 gold pieces
  3479 | D:5      | Entered Level 5 of the Dungeon
  3600 | D:5      | Reached skill level 5 in Maces & Flails
  3643 | D:5      | Found a sand-covered staircase.
  3783 | Ossuary  | Entered an ossuary
  3897 | Ossuary  | Reached *** piety under Trog
  4054 | Ossuary  | Reached XP level 7. HP: 36/43 MP: 7/7
  4138 | Ossuary  | Reached skill level 6 in Maces & Flails
  4501 | D:5      | Reached skill level 5 in Armour
  4501 | D:5      | Reached XP level 8. HP: 44/48 MP: 8/8
  4799 | D:5      | Noticed Menkaure
  4806 | D:5      | Killed Menkaure
  4807 | D:5      | Reached skill level 7 in Maces & Flails
  5579 | D:6      | Reached skill level 5 in Fighting
  6100 | D:6      | Noticed Eustachio
  6131 | D:6      | Reached **** piety under Trog
  6454 | D:6      | Found Oreis's Armour Emporium.
  6465 | D:6      | Reached skill level 1 in Shields
  7124 | D:6      | Found a runed translucent door.
  7124 | D:6      | Noticed vaultlich's ghost (novice MfGl)
  7147 | D:6      | Killed vaultlich's ghost
  7148 | D:6      | Reached skill level 8 in Maces & Flails
  7148 | D:6      | Reached XP level 9. HP: 34/54 MP: 9/9
  7369 | D:6      | Killed Eustachio
  7646 | D:6      | Found a staircase to the Ecumenical Temple.
  8320 | D:7      | Noticed Pikel
  8342 | D:6      | Reached skill level 9 in Maces & Flails
  8563 | D:6      | Reached skill level 5 in Shields
  8563 | D:6      | Reached XP level 10. HP: 60/60 MP: 10/10
  8659 | D:6      | Killed Pikel
  9778 | D:8      | Noticed Maggie
 10099 | D:8      | Noticed a two-headed ogre
 10111 | D:8      | Killed a two-headed ogre
 10316 | D:8      | Identified the +2 robe of the Ageless Demons {rF++ Int+2
                  | Archmagi}
 10379 | D:8      | Reached skill level 5 in Dodging
 10394 | D:8      | Found a hazy altar of Hepliaklqana.
 10418 | D:8      | Killed Maggie
 10638 | D:8      | Reached skill level 10 in Maces & Flails
 11186 | D:9      | Reached XP level 11. HP: 65/66 MP: 11/11
 11195 | D:9      | Reached skill level 1 in Ranged Weapons
 11208 | D:9      | Found a staircase to the Lair.
 11300 | D:9      | Reached ***** piety under Trog
 12113 | D:10     | Entered Level 10 of the Dungeon
 12540 | D:10     | Found a sacrificial altar of Ru.
 14135 | D:11     | Found a staircase to the Orcish Mines.
 14149 | D:11     | Identified the +1 ring mail of the Wary Riding Loafs
                  | {*Corrode Str+2 Int+8}
 14238 | D:11     | Noticed a boulder beetle
 14280 | D:11     | Reached skill level 11 in Maces & Flails
 14282 | D:11     | Killed a boulder beetle
 14707 | Lair:1   | Entered Level 1 of the Lair of Beasts
 14707 | Lair:1   | Noticed a six-headed hydra
 14734 | D:9      | Reached XP level 12. HP: 64/72 MP: 12/12
 14787 | Lair:1   | Noticed a boulder beetle
 14838 | Lair:1   | Killed a boulder beetle
 15194 | Lair:1   | Killed a six-headed hydra
 15195 | Lair:1   | Reached skill level 12 in Maces & Flails
 15303 | Lair:1   | Found a frozen archway.
 15312 | Lair:1   | HP: 1/73 [ice devil (17)]
 15343 | IceCv    | Entered an ice cave
 16095 | IceCv    | Received a gift from Trog
 16430 | IceCv    | HP: 5/111 [very large slime creature (36)]
 16434 | IceCv    | Reached skill level 10 in Shields
 16466 | IceCv    | HP: 3/75 [shapeshifter simulacrum (9)]
 17244 | IceCv    | Reached skill level 10 in Armour
 17552 | IceCv    | Reached skill level 13 in Maces & Flails
 17558 | IceCv    | Noticed a quicksilver ooze
 17572 | IceCv    | Killed a quicksilver ooze
 17573 | IceCv    | Reached skill level 1 in Throwing
 17653 | IceCv    | Noticed a quicksilver ooze
 17705 | IceCv    | Killed a quicksilver ooze
 17706 | IceCv    | Reached XP level 13. HP: 79/79 MP: 13/13
 17882 | IceCv    | Found a viscous altar of Jiyva.
 17882 | IceCv    | Noticed an azure jelly
 17902 | IceCv    | Slain by an azure jelly

Illustrated notes

Levels and vault maps discovered:
D:1:      heliophobic_arrival_battle_scene, layout_loops_cross, serial_shops,
          nicolae_shop_stone, hellmonk_ecumenical_altar_defaced_shrine
D:2:      layout_basic, grunt_decor_resistance
D:3:      layout_basic
D:4:      layout_loops_ring, serial_shops, nicolae_shop_waterfront
D:5:      layout_basic, nicolae_ossuary_entry_monument, uniq_menkaure
D:6:      minmay_angry_zag, layout_basic, minmay_temple_entry_statues_pillars,
          serial_shops, nicolae_shop_trees, gammafunk_ghost_grave,
          uniq_eustachio
D:7:      layout_rooms, uniq_pikel
D:8:      layout_loops_ring, nicolae_hepliaklqana_hazy_memory,
          minmay_misc_feat_encased, uniq_maggie
D:9:      layout_basic, dpeg_oklobed_lair
D:10:     lemuel_slime, layout_basic, mainiacjoe_overflow_alcove_2
D:11:     layout_rooms
Lair:1:   layout_small_grid, portal_ice_cave_demonic_guard,
          ebering_ghost_inner_flame, nzn_sisyphean_effort, grunt_megastairs_4,
          infiniplex_staircase_pool
IceCv:    ice_cave_hellmonk_azure_passage

Skill      XL: |  1  2  3  4  5  6  7  8  9 10 11 12 |
---------------+-------------------------------------+-----
Armour         | 3 4 5 6 7 8 10 | 10.2
Maces & Flails | 4 5 6 8 9 10 11 13 | 13.3
Dodging        | 2 3 4 5 |  5.9
Stealth        | 1 2 3 4 |  4.5
Fighting       | 4 5 6 7 8 |  8.6
Shields        | 3 5 7 9 10 | 10.3
Ranged Weapons | 1 2 |  2.6
Throwing       | 1 |  1.0

Action                   |  1- 3 |  4- 6 |  7- 9 | 10-12 | 13-15 || total
-------------------------+-------+-------+-------+-------+-------++-------
Melee: Mace              |    88 |   158 |   405 |   558 |       ||  1209
       Punch             |     1 |     2 |     2 |       |       ||     5
       Morningstar       |       |       |       |   349 |    11 ||   360
 Fire: Sling             |       |       |       |    79 |     2 ||    81
Throw: Stone             |     2 |     7 |     8 |    26 |       ||    43
Invok: Berserk           |       |       |     7 |     9 |     1 ||    17
  Use: Scroll            |     1 |     4 |     1 |    11 |       ||    17
       Potion            |       |       |       |     6 |       ||     6
 Stab: Sleeping          |     1 |     2 |     3 |     3 |       ||     9
       Distracted        |       |       |       |     3 |       ||     3
       Invisible         |       |       |       |     2 |       ||     2
Armor: Animal skin       |    35 |    26 |       |       |       ||    61
       Leather armour    |       |    37 |   159 |       |       ||   196
       Ring mail         |       |       |    65 |   182 |       ||   247
       Steam dragon scal |       |       |       |   176 |    25 ||   201
Dodge: Dodged            |    58 |    93 |   217 |   355 |     9 ||   732
Block: Kite shield       |       |       |   135 |   400 |    13 ||   548
